 Dungeon Crawl Stone Soup version 0.18.1-48-g4cf74bf (webtiles) character file.

7357 sveltemanboy the Cleaver (level 10, -5/88 HPs)
             Began as a Deep Dwarf Berserker on July 14, 2016.
             Was a High Priest of Trog.
             Slain by a minotaur (12 damage)
             ... on level 11 of the Dungeon.
             The game lasted 00:37:49 (9987 turns).

sveltemanboy the Cleaver (Deep Dwarf Berserker)     Turns: 9987, Time: 00:37:49

Health: -5/88      AC: 15    Str: 23    XL:     10   Next: 91%
Magic:  4/4        EV: 10    Int:  7    God:    Trog [*****.]
Gold:   659        SH:  2    Dex: 12    Spells: 0 memorised, 9 levels left

rFire  + . .     SeeInvis .     q - +2 battleaxe (antimagic)
rCold  + . .     Gourm    .     j - +0 chain mail
rNeg   . . .     Faith    .     (shield currently unavailable)
rPois  .         Spirit   .     (no helmet)
rElec  .         Dismiss  .     (no cloak)
rCorr  .         Reflect  .     y - +2 pair of gloves
SustAt +         Harm     .     (no boots)
MR     +++..                    (no amulet)
Stlth  ..........               l - ring of sustain attributes
                                m - ring of protection from magic

@: non-regenerating, extremely resistant to hostile enchantments, extremely
unstealthy
A: damage resistance, recharge devices, large bone plates 1, cold resistance 1,
dopey 1, fire resistance 1, magic resistance 1, mutation resistance 1, sense
surroundings 3, screaming 1, slow regeneration 3
a: Device Recharging, Berserk, Trog's Hand, Brothers in Arms, Burn Spellbooks,
Renounce Religion


You were on level 11 of the Dungeon.
You worshipped Trog.
Trog was extremely pleased with you.
You were not hungry.

You visited 1 branch of the dungeon, and saw 11 of its levels.
You also visited: Ossuary.

You collected 659 gold pieces.

Inventory:

Hand Weapons
 q - a +2 antimagic battleaxe (weapon)
Armour
 j - a +0 chain mail (worn)
 y - a +2 pair of gloves (worn)
Jewellery
 l - a ring of sustain attributes (right hand)
 m - a ring of protection from magic (left hand)
Wands
 c - a wand of heal wounds (3/9)
 p - a wand of polymorph (1/24)
 u - a wand of enslavement (5/24)
 z - a wand of confusion (0/48)
 C - a wand of random effects (15/48)
 G - a wand of lightning (0/15)
 I - a wand of disintegration (7/24)
Scrolls
 b - 2 scrolls of identify
 e - a scroll of magic mapping
 f - 3 scrolls of enchant weapon
 n - a scroll of teleportation
 s - 4 scrolls of remove curse
 B - a scroll of vulnerability
 D - 2 scrolls of blinking
Potions
 g - a potion of haste
 i - a potion of heal wounds
 k - 3 potions of agility
 o - a potion of curing
 r - 4 potions of flight
 t - 3 potions of might
 v - 2 potions of brilliance
 x - 2 potions of berserk rage
 F - a potion of resistance
 J - a potion of ambrosia
Books
 a - a book of the Sky

   Spells                             Type                      Level
   a - Summon Lightning Spire         Summoning/Air                4
   b - Airstrike                      Air                          4
   c - Silence                        Hexes/Air                    5
   d - Deflect Missiles               Charms/Air                   6
   e - Conjure Ball Lightning         Conjuration/Air              6
   f - Tornado                        Air                          9
   Trog disapproves of the use of such an item.
Comestibles
 d - 9 bread rations
 h - 2 meat rations
 w - a fruit
 A - 2 slices of pizza
 E - 2 beef jerkies
 H - a royal jelly
 K - 6 chunks of flesh


   Skills:
 + Level 5.3 Fighting
 * Level 12.9 Axes
 - Level 5.2 Armour
 - Level 6.0 Dodging
 + Level 10.8 Evocations


You had 9 spell levels left.
You didn't know any spells.

Dungeon Overview and Level Annotations

Branches:
Dungeon (11/15)            Temple (0/1) D:6            Lair (0/8) D:9
    Orc (0/2) D:9

Altars:
Ashenzari
Cheibriados
Dithmenos
Makhleb
Nemelex Xobeh
Pakellas
Qazlal
Xom
The Shining One

Shops:
D:10 :


Innate Abilities, Weirdness & Mutations

You are resistant to damage.
You can recharge devices by infusing magical energy.
You passively map a large area around you.
You do not regenerate naturally.
You are partially covered in large bone plates (AC +2, SH +2).
Your flesh is cold resistant.
You are dopey. (Int -2)
Your flesh is heat resistant.
You are resistant to hostile enchantments.
You are somewhat resistant to further mutation.
You occasionally shout uncontrollably at your foes.


Message History

Zapping:
C - a wand of random effects (16/48)
Press: ? - help, Shift-Dir - straight line, f/p - minotaur
Aim: a minotaur The minotaur flickers and vanishes!
Deactivating autopickup; reactivate with Ctrl-A.
This wand has 15 charges left.
Something hits you! Something gores you but does no damage.
You slice something!! Something hits you!
Something gores you but does no damage. Something hits you!
* * * LOW HITPOINT WARNING * * *
Something gores you but does no damage.
Your chain mail prevents you from hitting something.
Something furiously retaliates!
Something headbutts you, but does no damage.
Something hits you!
* * * LOW HITPOINT WARNING * * *
Something gores you.
* * * LOW HITPOINT WARNING * * *
You barely miss something. Something hits you!
You die...

, *, ,,** * ,* #. *
......# ** * #.
#......# * #.
#......# * #.
#......# #.
#......# ** #.
#......# , * *,
#{####......#
#.@..'......# , , ,
######......#######
#.......#.....# *,
,, *
#.......#...^.# ,,
, , ***,*
#.####..'.<...# ,*
, ### #.##.....# *
** * #.##.....# *
,* , #.##.....# * *
, #.##.....#


There were no monsters in sight!

Vanquished Creatures
  A gnoll sergeant (D:6)
  2 trolls
  Grinder (D:3)
  A spriggan (D:10)
  2 yaks (D:10)
  A wyvern (D:9)
  2 hungry ghosts
  Edmund (D:5)
  4 orc warriors
  A wasp (D:9)
  4 ice beasts
  3 sky beasts
  2 black bears (D:9)
  A necrophage (D:10)
  6 ogres
  2 phantoms
  6 wolves (D:9)
  3 centaurs
  A crocodile (D:10)
  A big kobold (D:7)
  2 giant frogs
  2 scorpions
  4 howler monkeys
  4 electric eels
  2 centaur zombies
  A crimson imp (D:5)
  A giant frog zombie (D:5)
  5 hounds
  11 orc wizards
  A human zombie (Ossuary)
  6 orc priests
  A giant frog skeleton (D:7)
  A jelly (D:7)
  Ijyb (D:2)
  6 iguanas
  5 worker ants
  2 big kobold zombies (Ossuary)
  2 mummies (Ossuary)
  A worker ant zombie (D:5)
  10 gnolls
  A howler monkey skeleton (D:5)
  10 adders
  A shadow imp (D:8)
  2 worms
  2 dart slugs
  10 giant geckos
  43 orcs
  6 bats
  4 giant cockroaches
  A gnoll zombie (Ossuary)
  32 goblins
  21 hobgoblins
  20 jackals
  12 kobolds
  3 quokkas
  3 ball pythons
  A ball python skeleton (D:6)
  A giant gecko zombie (D:5)
  7 giant newts
  A goblin zombie (Ossuary)
  A kobold zombie (Ossuary)
  An orc zombie (Ossuary)
  A quokka skeleton (D:5)
  8 rats
305 creatures vanquished.

Vanquished Creatures (collateral kills)
  A gargoyle (D:9)
  5 big kobolds (D:6)
  An orc wizard (D:9)
  A gnoll (D:6)
  An orc (D:9)
  A goblin (D:6)
10 creatures vanquished.

Vanquished Creatures (others)
  A yak (D:10)
  2 orc warriors (D:9)
  A shadow imp (D:6)
  A giant cockroach (D:4)
  A hobgoblin (D:6)
  A quokka (D:6)
7 creatures vanquished.

Grand Total: 322 creatures vanquished

Notes
Turn   | Place    | Note
--------------------------------------------------------------
     0 | D:1      | sveltemanboy the Deep Dwarf Berserker began the quest for the Orb.
     0 | D:1      | Reached XP level 1. HP: 20/20 MP: 1/1
   329 | D:1      | Reached skill level 1 in Evocations
   329 | D:1      | Reached XP level 2. HP: 17/27 MP: 2/2
   642 | D:1      | Reached skill level 4 in Axes
   913 | D:1      | Reached ** piety under Trog
  1201 | D:2      | Reached XP level 3. HP: 20/33 MP: 4/4
  1230 | D:2      | Found a shimmering altar of Xom.
  1598 | D:2      | Noticed Ijyb
  1616 | D:2      | Killed Ijyb
  1616 | D:2      | Reached XP level 4. HP: 24/40 MP: 5/5
  2262 | D:3      | Reached skill level 5 in Axes
  2280 | D:3      | Reached XP level 5. HP: 25/46 MP: 5/7
  2555 | D:3      | Reached *** piety under Trog
  2633 | D:3      | Found a glowing golden altar of the Shining One.
  2701 | D:3      | Noticed Grinder
  2716 | D:3      | Killed Grinder
  2716 | D:3      | Reached skill level 6 in Axes
  2716 | D:3      | Reached XP level 6. HP: 11/55 MP: 7/9
  3103 | D:4      | Found a sand-covered staircase.
  3114 | Ossuary  | Entered an ossuary
  3238 | Ossuary  | Reached XP level 7. HP: 40/61 MP: 10/10
  3583 | D:4      | Reached skill level 7 in Axes
  3583 | D:4      | Reached skill level 5 in Evocations
  3814 | D:5      | Entered Level 5 of the Dungeon
  3931 | D:5      | Reached skill level 5 in Armour
  4034 | D:5      | Noticed Edmund
  4049 | D:5      | Killed Edmund
  4161 | D:5      | Reached XP level 8. HP: 6/69 MP: 12/12
  4350 | D:5      | Gained mutation: You passively map the area around you. [potion of mutation]
  4350 | D:5      | Gained mutation: Your flesh is cold resistant. [potion of mutation]
  4350 | D:5      | Gained mutation: Your flesh is heat resistant. [potion of mutation]
  4384 | D:5      | Gained mutation: You are somewhat resistant to further mutation. [potion of mutation]
  4384 | D:5      | Gained mutation: You are partially covered in large bone plates (AC +2, SH +2). [potion of mutation]
  4499 | D:5      | Found a burning altar of Makhleb.
  4512 | D:5      | Reached **** piety under Trog
  4512 | D:5      | Reached skill level 8 in Axes
  5424 | D:6      | Reached skill level 9 in Axes
  5764 | D:6      | Found a staircase to the Ecumenical Temple.
  5948 | D:6      | Received a gift from Trog
  5948 | D:6      | Gained mutation: You passively map a large area around you. [Deep Dwarf growth]
  5948 | D:6      | Reached XP level 9. HP: 43/79 MP: 12/12
  6383 | D:6      | Reached skill level 10 in Axes
  6389 | D:6      | Reached ***** piety under Trog
  7484 | D:7      | Gained mutation: You occasionally shout uncontrollably at your foes. [potion of mutation]
  7656 | D:7      | Found a snail-covered altar of Cheibriados.
  7656 | D:7      | Found a shattered altar of Ashenzari.
  7657 | D:7      | Found a stormy altar of Qazlal.
  7747 | D:8      | Received a gift from Trog
  7890 | D:8      | Reached skill level 11 in Axes
  8227 | D:9      | Found a shadowy altar of Dithmenos.
  8317 | D:9      | Reached skill level 5 in Dodging
  8319 | D:9      | Noticed a gargoyle
  8325 | D:9      | Killed a gargoyle
  8325 | D:9      | Reached XP level 10. HP: 50/87 MP: 4/14
  8535 | D:9      | Found a staircase to the Lair.
  8664 | D:9      | Received a gift from Trog
  8664 | D:9      | Reached skill level 12 in Axes
  8699 | D:9      | Found a staircase to the Orcish Mines.
  8782 | D:9      | Reached skill level 10 in Evocations
  8995 | D:9      | Found an oddly glowing altar of Pakellas.
  9132 | D:9      | Gained mutation: You are resistant to hostile enchantments. [mutagenic meat]
  9133 | D:9      | Gained mutation: You are dopey. (Int -2) [mutagenic meat]
  9165 | D:9      | Found a sparkling altar of Nemelex Xobeh.
  9403 | D:10     | Entered Level 10 of the Dungeon
  9404 | D:10     | Found Guidwycs's Book Shoppe.
  9465 | D:10     | Reached skill level 5 in Fighting
  9981 | D:11     | Noticed a seven-headed hydra
  9983 | D:11     | Noticed a minotaur
  9983 | D:11     | a seven-headed hydra changed into a minotaur
  9987 | D:11     | Slain by a minotaur

Skill      XL: |  1  2  3  4  5  6  7  8  9 10 |
---------------+-------------------------------+-----
Evocations     | 1 2 4 5 7 9 10 | 10.8
Axes           | 4 5 6 7 9 11 12 | 12.9
Armour         | 3 4 5 |  5.2
Fighting       | 3 4 5 |  5.3
Dodging        | 5 6 |  6.0

Action                   |  1- 3 |  4- 6 |  7- 9 | 10-12 || total
-------------------------+-------+-------+-------+-------++-------
Melee: Hand axe          |   146 |   250 |   225 |       ||   621
       War axe           |       |       |   362 |       ||   362
       Battleaxe         |       |       |    50 |   244 ||   294
Throw: Stone             |    37 |    19 |    33 |       ||    89
       Tomahawk          |       |       |     7 |       ||     7
Invok: Burn Spellbooks   |       |     1 |     1 |       ||     2
       Berserk           |       |     1 |     1 |     1 ||     3
 Abil: Device Recharging |       |       |     3 |     3 ||     6
Evoke: Wand              |       |     3 |    23 |    34 ||    60
  Use: Potion            |       |     1 |    11 |     2 ||    14
       Scroll            |       |       |    12 |     6 ||    18
 Stab: Confused          |       |       |     1 |     2 ||     3
  Eat: Chunk             |     2 |     7 |    18 |    15 ||    42
       Fruit             |       |       |     2 |       ||     2
       Bread ration      |       |       |     1 |       ||     1
Armor: Animal skin       |     7 |       |       |       ||     7
       Chain mail        |    62 |   107 |   337 |   137 ||   643
       Skin              |       |       |       |    41 ||    41
Dodge: Dodged            |    67 |    99 |   224 |   148 ||   538
Block: Other             |       |       |    31 |    17 ||    48
